Map: Submarine LE

Players

ByuN

  • Race: Terran Terran
  • Spawn Location: 11:00

Maru - Winner!

  • Race: Terran Terran
  • Spawn Location: 5:00

Event: IEM Katowice 2021

VOD

Have the link to the VOD?

Description

Time

  • Played on: Feb. 22, 2021, 8:45 a.m.
  • Length: 9:53

All games in this series

Show
View Real Time Build Order
Export as new Build Order

ByuN Terran 

Build Orders:  

Get SALT Encoding   

  12  0:00  SCV  
  13  0:12  SCV  
  14  0:16  Supply Depot  
  14  0:24  SCV  
  15  0:38  SCV  
  15  0:40  Barracks  
  15  0:42  Refinery  
  16  0:50  SCV  
  16  0:53  Refinery  
  17  1:02  SCV  
  18  1:14  SCV  
  19  1:27  Reaper, Orbital Command  
  19  1:28  Supply Depot  
  20  1:42  Factory  
  20  1:52  SCV  
  21  2:00  Reaper  
  22  2:04  SCV  
  23  2:16  Command Center  
  23  2:20  SCV  
  24  2:26  Hellion  
  26  2:32  Reaper, SCV  
  26  2:36  Supply Depot  
  28  2:44  SCV  
  29  2:47  Hellion  
  29  2:51  Starport  
  31  2:57  SCV  
  32  3:09  SCV  
  32  3:11  Barracks Tech Lab  
  32  3:12  Factory Tech Lab  
  32  3:21  Refinery  
  32  3:22  SCV  
  33  3:28  Orbital Command  
  33  3:33  Cyclone  
  36  3:36  SCV  
  36  3:40  Barracks Reactor  
  36  3:52  Raven  
  36  3:53  SCV x2  
  40  4:05  SCV  
  40  4:06  SCV  
  40  4:08  Siege Tank  
  45  4:17  SCV  
  45  4:18  SCV  
  45  4:20  Command Center  
  45  4:22  Supply Depot  
  45  4:23  Marine x2  
  49  4:29  SCV  
  49  4:30  SCV  
  50  4:35  Raven  
  52  4:41  Command Center, Marine  
  52  4:44  Siege Tank  
  57  4:46  SCV x2  
  57  4:49  Supply Depot  
  58  4:58  SCV x2, Marine  
  58  4:59  Marine  
  61  5:04  Refinery  
  61  5:10  SCV  
  61  5:11  SCV  
  61  5:12  Supply Depot  
  63  5:22  SCV, Siege Tank  
  63  5:23  SCV  
  63  5:25  Supply Depot  
  70  5:31  Marine  
  70  5:34  Viking x2  
  73  5:36  SCV x2  
  75  5:48  SCV x2  
  75  5:49  Supply Depot  
  77  5:54  Marine, Siege Tank  
  81  6:04  Viking, Orbital Command  
  81  6:07  Viking  
  85  6:12  SCV x2  
  85  6:15  Marine  
  85  6:18  Barracks  
  88  6:20  Barracks  
  88  6:24  SCV  
  88  6:25  SCV  
  90  6:28  Siege Tank  
  93  6:33  Marine  
  94  6:41  SCV  
  94  6:42  SCV  
  85  6:48  SCV  
  85  6:52  Barracks x2, Engineering Bay x2  
  85  6:53  Starport Reactor  
  85  6:54  SCV  
  87  6:58  Barracks Reactor  
  86  7:01  Siege Tank  
  86  7:02  Barracks, Barracks Tech Lab  
  86  7:04  SCV  
  86  7:06  SCV, Barracks  
  86  7:07  Orbital Command  
  92  7:13  Barracks  
  89  7:15  Barracks  
  89  7:16  SCV  
  89  7:18  SCV  
  89  7:20  Terran Infantry Weapons Level 1, Terran Infantry Armor Level 1  
  91  7:23  Missile Turret  
  91  7:28  SCV  
  92  7:30  SCV  
  92  7:32  Stimpack, Marine  
  92  7:33  Viking x2  
  92  7:34  SCV  
  97  7:40  SCV  
  97  7:42  SCV  
  99  7:46  SCV  
  99  7:50  Barracks Reactor  
  99  7:51  Barracks Reactor  
  100  7:53  SCV, Siege Tank  
  100  7:54  SCV  
  100  7:55  Barracks Reactor  
  106  7:58  SCV  
  106  7:59  Barracks Reactor  
  106  8:03  Refinery, Missile Turret  
  106  8:04  Marine, Refinery  
  106  8:05  SCV  
  108  8:06  SCV  
  108  8:12  Missile Turret  
  109  8:13  Sensor Tower  
  109  8:15  SCV, Supply Depot  
  109  8:17  SCV, Supply Depot  
  109  8:18  SCV  
  112  8:22  Marine  
  113  8:27  SCV  
  113  8:28  Marine, Armory  
  113  8:29  SCV, Marine  
  117  8:37  SCV, Marine x2  
  117  8:39  SCV  
  117  8:40  Marine x4  
  110  8:42  Marine  
  110  8:46  Marine x2  
  100  8:51  Siege Tank  
  100  8:54  Viking x2  
  100  8:55  Marine x2  
  108  8:58  Marine x4  
  108  8:59  Marine  
  112  9:04  Marine  
  112  9:08  Marine  
  114  9:12  Marine x2  
  114  9:15  Marine x2  
  114  9:16  SCV x2, Marine x2  
  122  9:17  Marine  
  122  9:22  Marine  
Show
View Real Time Build Order
Export as new Build Order

Maru Terran - Winner!

Build Orders:  

Get SALT Encoding   

  12  0:00  SCV  
  13  0:12  SCV  
  14  0:17  Supply Depot  
  14  0:24  SCV  
  15  0:38  SCV  
  15  0:39  Barracks  
  16  0:43  Refinery  
  16  0:50  SCV  
  16  0:52  Refinery  
  17  1:03  SCV  
  18  1:15  SCV  
  19  1:26  Reaper  
  19  1:27  Orbital Command  
  19  1:28  Supply Depot  
  20  1:42  Factory  
  20  1:52  SCV  
  21  1:59  Reaper  
  22  2:04  SCV  
  23  2:17  Command Center  
  23  2:20  SCV  
  24  2:27  Hellion  
  26  2:32  SCV  
  26  2:34  Barracks Reactor  
  26  2:36  Supply Depot  
  27  2:44  SCV  
  27  2:50  Starport  
  28  2:51  Factory Tech Lab  
  28  2:58  SCV  
  29  3:10  Cyclone  
  29  3:11  Marine x2  
  29  3:12  SCV  
  34  3:26  Medivac  
  36  3:28  SCV  
  36  3:29  Marine x2  
  39  3:34  Orbital Command  
  39  3:41  Refinery  
  39  3:46  SCV  
  37  3:49  Siege Tank  
  40  3:56  Starport Tech Lab  
  40  3:58  SCV  
  41  4:03  SCV  
  41  4:07  Marine x2  
  44  4:10  SCV  
  44  4:12  Supply Depot  
  44  4:15  SCV  
  46  4:19  Raven  
  46  4:22  SCV  
  49  4:25  Marine x2  
  49  4:28  SCV  
  52  4:34  SCV  
  52  4:38  Siege Tank  
  56  4:39  Supply Depot  
  56  4:40  SCV  
  57  4:46  SCV  
  57  4:48  Command Center  
  57  4:52  SCV  
  59  4:58  SCV  
  60  5:00  Refinery  
  60  5:02  Raven  
  60  5:04  SCV  
  60  5:05  Supply Depot  
  63  5:09  Marine x2  
  63  5:10  SCV  
  63  5:12  Supply Depot  
  66  5:15  Siege Tank  
  66  5:19  SCV  
  69  5:22  SCV  
  70  5:31  SCV  
  70  5:32  Marine x2  
  70  5:34  SCV  
  74  5:43  SCV  
  74  5:47  Barracks, Siege Tank  
  74  5:48  Barracks  
  78  5:54  SCV  
  78  5:55  SCV  
  80  6:00  Engineering Bay  
  80  6:01  Engineering Bay, Viking x2  
  84  6:06  SCV  
  84  6:07  SCV  
  84  6:09  Marine  
  84  6:10  Stimpack  
  86  6:18  SCV  
  86  6:19  SCV  
  86  6:20  Siege Tank  
  91  6:30  SCV  
  91  6:31  Viking  
  91  6:32  Viking  
  96  6:37  SCV  
  95  6:42  SCV  
  95  6:48  Terran Infantry Weapons Level 1, Terran Infantry Armor Level 1  
  95  6:49  SCV, Supply Depot  
  95  6:52  Siege Tank  
  95  6:53  Orbital Command  
  98  6:54  SCV, Barracks Reactor  
  98  6:57  Barracks Reactor  
  96  7:01  SCV  
  96  7:07  SCV  
  96  7:08  Refinery x2  
  98  7:09  Supply Depot  
  98  7:12  Viking x2  
  98  7:13  SCV  
  103  7:19  SCV x2  
  105  7:24  Siege Tank  
  105  7:25  SCV  
  105  7:27  Supply Depot  
  109  7:31  SCV x2  
  109  7:37  Marine x4  
  109  7:40  Marine  
  109  7:42  Viking  
  109  7:43  Supply Depot  
  116  7:49  Viking  
  116  7:50  SCV  
  119  7:55  Barracks  
  119  7:56  Barracks  
  119  7:58  SCV  
  120  8:00  Siege Tank, Combat Shield  
  120  8:05  SCV x2  
  124  8:09  Marine x3  
  124  8:10  SCV  
  124  8:12  Marine x2  
  131  8:22  Medivac  
  131  8:26  Supply Depot x2  
  133  8:28  Medivac, Armory  
  133  8:30  Marine  
  133  8:31  Marine x2  
  138  8:40  Marine  
  125  8:42  Marine  
  125  8:43  Barracks Reactor  
  125  8:44  Barracks Reactor  
  125  8:45  SCV x2  
  120  8:48  Marine x2  
  120  8:55  Marine  
  121  8:56  SCV  
  121  8:57  SCV x2  
  121  8:58  Marine  
  121  9:00  Marine  
  126  9:03  Factory  
  126  9:05  Command Center  
  126  9:06  Marine x2  
  128  9:13  Marine  
  128  9:16  Marine  
  134  9:18  Marine  
  138  9:24  Marine x2  
  138  9:31  Marine  
  141  9:33  Marine  
  141  9:34  Marine  

Tags
 
Add a new tag
Caveats
  • Supply blocks, unpowered buildings, or Contaminate may cause inaccurate times.
  • Supply counts are checked every 10 seconds.